LNP
LARES FIELES @ ARROYO TELEGRAFISTAS
06/17/1903
 
TOP OF THE 1ST
Lares Fieles batting - Pitching for Arroyo Telegrafistas : LHP Apolonio Delgado
Pitching: LHP Apolonio Delgado
Batting: SHB Milcíades Hinojo 0-0: Ground out 2-3 (Groundball, 15S, EV 108 KM/H)
Batting: RHB Ramiro Martín 0-0: Fly out, F9 (Line Drive, 3D, EV 101 KM/H)
Batting: RHB Asdrúbal Lomeli 0-0: Fly out, F7 (Flyball, 7S, EV 147 KM/H)
Top of the 1st over - 0 runs, 0 hits, 0 errors, 0 left on base; Lares 0 - Arroyo 0
BOTTOM OF THE 1ST
Arroyo Telegrafistas batting - Pitching for Lares Fieles : LHP Atanasio Balbuena
Pitching: LHP Atanasio Balbuena
Batting: RHB Víctor Hugo Reyes 0-0: Ball
1-0: Called Strike
1-1: Swinging Strike
1-2: Ground out 6-3 (Groundball, 6, EV 161 KM/H)
Batting: RHB Emanuel Toro 0-0: Fly out, F8 (Flyball, 8LXD, EV 132 KM/H)
Batting: RHB Maurice Bartlett 0-0: Reached on error, E3 (Groundball, 34D, EV 154 KM/H)
Batting: LHB Juan Pérez 0-0: Ball
1-0: Ball
2-0: Called Strike
2-1: Ball
3-1: Ground out U3 (Groundball, 3, EV 136 KM/H)
Bottom of the 1st over - 0 runs, 0 hits, 1 error, 1 left on base; Lares 0 - Arroyo 0
TOP OF THE 2ND
Lares Fieles batting - Pitching for Arroyo Telegrafistas : LHP Apolonio Delgado
Batting: RHB Ron Hargrove 0-0: Ball
1-0: Swinging Strike
1-1: Ball
2-1: Foul Ball, location: 2F
2-2: Ball
3-2: Base on Balls
Batting: RHB Medardo Ayala 0-0: Ball
1-0: Ball
2-0: Ball
3-0: Called Strike
3-1: Foul Ball, location: 3SF
3-2: Foul Ball, location: 7LSFF
3-2: Fly out, F9 (Line Drive, 89M, EV 154 KM/H)
Batting: SHB Semónides Rocha 0-0: Reached on error, E1 (Groundball, 15S, EV 70 KM/H)
Ron Hargrove to second
Batting: LHB Ernesto Figueroa 0-0: Called Strike
0-1: Swinging Strike
0-2: Strikes out swinging
Batting: SHB Urayoán Ugarte 0-0: Ball
1-0: Fielders Choice at 3rd, U5 (Groundball, 5, EV 167 KM/H)
Top of the 2nd over - 0 runs, 0 hits, 1 error, 1 left on base; Lares 0 - Arroyo 0
BOTTOM OF THE 2ND
Arroyo Telegrafistas batting - Pitching for Lares Fieles : LHP Atanasio Balbuena
Batting: RHB Eduardo Martín 0-0: DOUBLE (Line Drive, 78D, EV 164 KM/H)
Batting: RHB Gerardo Hernández 0-0: Ground out 6-3 (Groundball, 6, EV 138 KM/H)
Batting: RHB Esteban Zamora 0-0: Ball
1-0: Ball
2-0: Ball
3-0: Called Strike
3-1: Called Strike
3-2: Fly out, F4 (Popup, 4M, EV 110 KM/H)
Batting: RHB Herodes Tavárez 0-0: Called Strike
0-1: Foul Ball, location: 2F
0-2: Ball
1-2: Ground out 6-3 (Groundball, 6, EV 129 KM/H)
Bottom of the 2nd over - 0 runs, 1 hit, 0 errors, 1 left on base; Lares 0 - Arroyo 0
TOP OF THE 3RD
Lares Fieles batting - Pitching for Arroyo Telegrafistas : LHP Apolonio Delgado
Batting: SHB Dalmacio Bucio 0-0: Ball
1-0: Swinging Strike
1-1: Foul Ball, location: 9LSF
1-2: Ball
2-2: SINGLE (Line Drive, 8RS, EV 145 KM/H)
Batting: SHB Milcíades Hinojo 0-0: Called Strike
Dalmacio Bucio steals 2nd base
0-1: Ball
1-1: Foul Ball, location: 9LMF
1-2: Fly out, F9 (Flyball, 89M, EV 131 KM/H)
Batting: RHB Ramiro Martín 0-0: Foul Ball, location: 7LSF
0-1: Ball
1-1: Ball
Dalmacio Bucio steals 3rd base
2-1: Fly out, F4 (Line Drive, 34, EV 107 KM/H)
Batting: RHB Asdrúbal Lomeli 0-0: Called Strike
0-1: Swinging Strike
0-2: Ball
1-2: Ground out 6-3 (Groundball, 6M, EV 133 KM/H)
Top of the 3rd over - 0 runs, 1 hit, 0 errors, 1 left on base; Lares 0 - Arroyo 0
BOTTOM OF THE 3RD
Arroyo Telegrafistas batting - Pitching for Lares Fieles : LHP Atanasio Balbuena
Batting: RHB Enrique Hernández 0-0: Called Strike
0-1: Ball
1-1: Ball
2-1: Foul Ball, location: 9LSF
2-2: Ground out 5-3 (Groundball, 56, EV 138 KM/H)
Batting: RHB Víctor Hugo Reyes 0-0: Called Strike
0-1: Ground out U3 (Groundball, 34S, EV 132 KM/H)
Batting: RHB Emanuel Toro 0-0: Called Strike
0-1: Ground out 4-3 (Groundball, 4, EV 140 KM/H)
Bottom of the 3rd over - 0 runs, 0 hits, 0 errors, 0 left on base; Lares 0 - Arroyo 0
TOP OF THE 4TH
Lares Fieles batting - Pitching for Arroyo Telegrafistas : LHP Apolonio Delgado
Batting: RHB Ron Hargrove 0-0: Ball
1-0: Fly out, F8 (Line Drive, 8LM, EV 147 KM/H)
Batting: RHB Medardo Ayala 0-0: Foul Ball, location: 2F
0-1: Ball
1-1: SINGLE (Groundball, 4MD, EV 174 KM/H)
Batting: SHB Semónides Rocha 0-0: Called Strike
0-1: Ball
1-1: Called Strike
1-2: Ball
2-2: SINGLE (Line Drive, 8RS, EV 146 KM/H)
Medardo Ayala to second
Runner from 2nd tries for 3rd, SAFE, throw by CF made to third
Batting: LHB Ernesto Figueroa 0-0: Ball
1-0: Called Strike
1-1: Ball
2-1: Fly out, F7 (Flyball, 7S, EV 142 KM/H)
Batting: SHB Urayoán Ugarte 0-0: Ball
1-0: Called Strike
1-1: Fly out, F8 (Flyball, 89D, EV 148 KM/H)
Top of the 4th over - 0 runs, 2 hits, 0 errors, 2 left on base; Lares 0 - Arroyo 0
BOTTOM OF THE 4TH
Arroyo Telegrafistas batting - Pitching for Lares Fieles : LHP Atanasio Balbuena
Batting: RHB Maurice Bartlett 0-0: Called Strike
0-1: Called Strike
0-2: Ball
1-2: Ground out 5-3 (Groundball, 56S, EV 137 KM/H)
Batting: LHB Juan Pérez 0-0: Called Strike
0-1: Ball
1-1: Reached on error, E6 (Groundball, 6, EV 134 KM/H)
DELAY Rain delay of 32 minutes in the 4th inning.
Batting: RHB Eduardo Martín 0-0: Called Strike
Juan Pérez is caught stealing 2nd base 2-4
0-1: Swinging Strike
0-2: Ball
1-2: Strikes out swinging
Bottom of the 4th over - 0 runs, 0 hits, 1 error, 0 left on base; Lares 0 - Arroyo 0
TOP OF THE 5TH
Lares Fieles batting - Pitching for Arroyo Telegrafistas : LHP Apolonio Delgado
Batting: SHB Dalmacio Bucio 0-0: Ball
1-0: Called Strike
1-1: Foul Ball, location: 2F
1-2: SINGLE (Line Drive, 5D, EV 165 KM/H)
Batting: SHB Milcíades Hinojo 0-0: Called Strike
0-1: Ball
1-1: Bunt missed!
1-2: Ground out 5-3 (Groundball, 56S, EV 134 KM/H)
Dalmacio Bucio to second
Batting: RHB Ramiro Martín 0-0: Ball
1-0: Called Strike
1-1: Foul Ball, location: 2F
1-2: Ball
2-2: Ball
3-2: Foul Ball, location: 2F
3-2: Fly out, F8 (Line Drive, 8LXD, EV 166 KM/H)
Batting: RHB Asdrúbal Lomeli 0-0: Ball
1-0: TRIPLE (Line Drive, 89XD, EV 169 KM/H)
Dalmacio Bucio scores
Batting: RHB Ron Hargrove 0-0: Ball
1-0: Ball
2-0: Fly out, F9 (Flyball, 9D, EV 163 KM/H)
Top of the 5th over - 1 run, 2 hits, 0 errors, 1 left on base; Lares 1 - Arroyo 0
BOTTOM OF THE 5TH
Arroyo Telegrafistas batting - Pitching for Lares Fieles : LHP Atanasio Balbuena
Batting: RHB Gerardo Hernández 0-0: Swinging Strike
0-1: Swinging Strike
0-2: Strikes out swinging
Batting: RHB Esteban Zamora 0-0: Called Strike
0-1: Ball
1-1: Ball
2-1: Foul Ball, location: 2LF
2-2: Foul Ball, location: 2F
2-2: Foul Ball, location: 5SF
2-2: Foul Ball, location: 25F
2-2: Fly out, F3 (Line Drive, 34, EV 122 KM/H)
Batting: RHB Herodes Tavárez 0-0: Called Strike
0-1: Ball
1-1: DOUBLE (Line Drive, 8RD, EV 174 KM/H)
Batting: RHB Enrique Hernández 0-0: Foul Ball, location: 2F
0-1: Ball
1-1: Ground out 6-3 (Groundball, 6, EV 139 KM/H)
Bottom of the 5th over - 0 runs, 1 hit, 0 errors, 1 left on base; Lares 1 - Arroyo 0
TOP OF THE 6TH
Lares Fieles batting - Pitching for Arroyo Telegrafistas : LHP Apolonio Delgado
Batting: RHB Medardo Ayala 0-0: Called Strike
0-1: Ball
1-1: Swinging Strike
1-2: Hit by Pitch
Batting: SHB Semónides Rocha 0-0: Bunted foul
0-1: Bunted foul
0-2: Ball
1-2: Grounds into double play, 6-4-3 (Groundball, 56, EV 135 KM/H)
Batting: LHB Ernesto Figueroa 0-0: Ball
1-0: Fly out, F8 (Flyball, 8LXD, EV 155 KM/H)
Top of the 6th over - 0 runs, 0 hits, 0 errors, 0 left on base; Lares 1 - Arroyo 0
BOTTOM OF THE 6TH
Arroyo Telegrafistas batting - Pitching for Lares Fieles : LHP Atanasio Balbuena
Batting: RHB Víctor Hugo Reyes 0-0: Ground out 4-3 (Groundball, 34, EV 137 KM/H)
Batting: RHB Emanuel Toro 0-0: Called Strike
0-1: Swinging Strike
0-2: Strikes out swinging
Batting: RHB Maurice Bartlett 0-0: Ball
1-0: SINGLE (Line Drive, 9S, EV 176 KM/H)
Batting: LHB Juan Pérez 0-0: Ball
1-0: Ball
2-0: Ball
3-0: Called Strike
3-1: Called Strike
3-2: Foul Ball, location: 2F
3-2: Base on Balls
Maurice Bartlett to second
Batting: RHB Eduardo Martín 0-0: Ball
1-0: Swinging Strike
1-1: Foul Ball, location: 7LSF
1-2: Foul Ball, location: 2F
1-2: SINGLE (Line Drive, 7S, EV 175 KM/H)
Maurice Bartlett to third
Juan Pérez to second
Batting: RHB Gerardo Hernández 0-0: Foul Ball, location: 25F
0-1: Reached on error, E5 (Groundball, 5S, EV 139 KM/H)
Maurice Bartlett scores
Juan Pérez to third
Eduardo Martín to second
Batting: RHB Esteban Zamora 0-0: Called Strike
0-1: Ball
1-1: Ball
2-1: Ball
3-1: Ground out 5-3 (Groundball, 56S, EV 140 KM/H)
Bottom of the 6th over - 1 run, 2 hits, 1 error, 3 left on base; Lares 1 - Arroyo 1
TOP OF THE 7TH
Lares Fieles batting - Pitching for Arroyo Telegrafistas : LHP Apolonio Delgado
Batting: SHB Urayoán Ugarte 0-0: Ball
1-0: Called Strike
1-1: Called Strike
1-2: Ball
2-2: Fly out, F8 (Line Drive, 8RD, EV 148 KM/H)
Batting: SHB Dalmacio Bucio 0-0: Ball
1-0: Called Strike
1-1: Fly out, F7 (Flyball, 7LS, EV 154 KM/H)
Batting: SHB Milcíades Hinojo 0-0: Called Strike
0-1: SINGLE (Line Drive, 56D, EV 164 KM/H)
Batting: RHB Ramiro Martín 0-0: Ball
Milcíades Hinojo steals 2nd base
1-0: Foul Ball, location: 2F
1-1: Foul Ball, location: 2F
1-2: Fly out, F8 (Flyball, 8LXD, EV 152 KM/H)
Top of the 7th over - 0 runs, 1 hit, 0 errors, 1 left on base; Lares 1 - Arroyo 1
BOTTOM OF THE 7TH
Arroyo Telegrafistas batting - Pitching for Lares Fieles : LHP Atanasio Balbuena
Batting: RHB Herodes Tavárez 0-0: Ball
1-0: Ball
2-0: Ground out 5-3 (Groundball, 56, EV 147 KM/H)
Batting: RHB Enrique Hernández 0-0: Ball
1-0: Ball
2-0: Ball
3-0: Base on Balls
Batting: RHB Víctor Hugo Reyes 0-0: Called Strike
0-1: Ball
1-1: Ball
2-1: Ball
3-1: DOUBLE (Line Drive, 7LS, EV 144 KM/H)
Enrique Hernández to third
Batting: RHB Emanuel Toro 0-0: Reached on error, E6 (Groundball, 6, EV 132 KM/H)
Enrique Hernández scores
Víctor Hugo Reyes to third
Batting: RHB Maurice Bartlett 0-0: Ball
1-0: Ball
Emanuel Toro is caught stealing 2nd base 2-4
2-0: Ball
3-0: Called Strike
3-1: Ground out 6-3 (Groundball, 6, EV 132 KM/H)
Bottom of the 7th over - 1 run, 1 hit, 1 error, 1 left on base; Lares 1 - Arroyo 2
TOP OF THE 8TH
Lares Fieles batting - Pitching for Arroyo Telegrafistas : LHP Apolonio Delgado
Batting: RHB Asdrúbal Lomeli 0-0: Fly out, F8 (Flyball, 8LD, EV 171 KM/H)
Batting: RHB Ron Hargrove 0-0: SINGLE (Groundball, 6MD, EV 155 KM/H)
Batting: RHB Medardo Ayala 0-0: Ball
1-0: DOUBLE (Flyball, 78XD, EV 139 KM/H)
Ron Hargrove to third
Batting: SHB Semónides Rocha 0-0: Fly out, F8 (Flyball, 8LM, EV 129 KM/H)
Runner from 3rd tags up, SCORES, no throw by CF
Pinch Hitting: RHB Jesús Morín 0-0: Called Strike
0-1: Swinging Strike
0-2: Ball
1-2: Ball
2-2: Ball
3-2: SINGLE (Line Drive, 78S, EV 148 KM/H)
Medardo Ayala to third
Runner from 3rd tries for Home, SAFE, throw by CF to home
Jesús Morín to second
Pinch Hitting: RHB Richard Genge 0-0: Ball
1-0: Ground out 6-3 (Groundball, 6, EV 135 KM/H)
Top of the 8th over - 2 runs, 3 hits, 0 errors, 1 left on base; Lares 3 - Arroyo 2
BOTTOM OF THE 8TH
Arroyo Telegrafistas batting - Pitching for Lares Fieles : LHP Atanasio Balbuena
Now at 1B: Rubén Guerrero
Now in RF: Catón Soto
Batting: LHB Juan Pérez 0-0: Called Strike
0-1: Fly out, F7 (Line Drive, 78M, EV 141 KM/H)
Batting: RHB Eduardo Martín 0-0: Called Strike
0-1: Ground out 6-3 (Groundball, 6, EV 157 KM/H)
Batting: RHB Gerardo Hernández 0-0: Ball
1-0: Fly out, F5 (Line Drive, 5L, EV 100 KM/H)
Bottom of the 8th over - 0 runs, 0 hits, 0 errors, 0 left on base; Lares 3 - Arroyo 2
TOP OF THE 9TH
Lares Fieles batting - Pitching for Arroyo Telegrafistas : LHP Apolonio Delgado
Batting: SHB Dalmacio Bucio 0-0: Fly out, F4 (Popup, 4, EV 100 KM/H)
Batting: SHB Milcíades Hinojo 0-0: SINGLE (Line Drive, 56D, EV 157 KM/H)
Batting: RHB Ramiro Martín 0-0: Ball
1-0: Called Strike
Milcíades Hinojo is caught stealing 2nd base 2-4
1-1: Fly out, F9 (Flyball, 9D, EV 155 KM/H)
Top of the 9th over - 0 runs, 1 hit, 0 errors, 0 left on base; Lares 3 - Arroyo 2
BOTTOM OF THE 9TH
Arroyo Telegrafistas batting - Pitching for Lares Fieles : LHP Atanasio Balbuena
Now in LF: Raimundo Molina
Batting: RHB Esteban Zamora 0-0: Called Strike
0-1: Fly out, F8 (Line Drive, 8RM, EV 169 KM/H)
Batting: RHB Herodes Tavárez 0-0: Ball
1-0: Foul Ball, location: 2F
1-1: Ball
2-1: Swinging Strike
2-2: Ground out 6-3 (Groundball, 6, EV 132 KM/H)
Pinch Hitting: SHB René González 0-0: Foul Ball, location: 9LSF
0-1: Ball
1-1: Ball
2-1: Fly out, F9 (Line Drive, 9LM, EV 139 KM/H)
Bottom of the 9th over - 0 runs, 0 hits, 0 errors, 0 left on base; Lares 3 - Arroyo 2
Saturday, March 23rd , 2024 - OOTP Baseball 25.1 Build 47